 Seeded DCSS version 0.30.1-4-g462c640d31 (webtiles) character file.

Game seed: 5 (custom seed)

4042 Kazon the Fiendish (level 10, -6/49 (51) HPs)
             Began as a Vine Stalker Fighter on Sept 14, 2023.
             Was a Priest of Makhleb.
             Mangled by a polar bear (9 damage)
             ... on level 8 of the Dungeon.
             The game lasted 00:27:11 (5215 turns).

Kazon the Fiendish (Vine Stalker Fighter)           Turns: 5215, Time: 00:27:11

HP:   -6/49 (51)    AC: 11    Str: 20    XL:     10   Next: 24%
MP:   0/34          EV: 10    Int:  8    God:    Makhleb [***...]
Gold: 378           SH:  6    Dex: 23    Spells: 9/9 levels left

rFire   . . .        e - +2 dagger (vamp)
rCold   . . .        c - +0 buckler
rNeg    . . .        b - +0 scale mail
rPois   .            j - +0 helmet
rElec   .            (no cloak)
rCorr   .            o - +2 pair of gloves "Joareaxt" {Drain Will+++ MP+9 Stlth+}
SInv    .            (no boots)
Will    ++++.        (no amulet)
Stlth   +++          t - ring of magical power
HPRegen 1.08/turn    y - +6 ring of dexterity
MPRegen 0.24/turn

%: guardian spirit
@: lightly drained
A: fangs 3, regeneration 1, magic shield, antimagic bite, no potion heal 2
a: Renounce Religion, Minor Destruction, Lesser Servant of Makhleb


You were on level 8 of the Dungeon.
You worshipped Makhleb.
Makhleb was most pleased with you.
You visited 2 branches of the dungeon, and saw 9 of its levels.
You also visited: Ossuary.

You collected 378 gold pieces.

Inventory:

Hand Weapons
 a - a +0 war axe
 e - a +2 vampiric dagger (weapon)
 f - a +0 hand axe of flaming
 h - a +2 dagger of holy wrath
 v - a +0 vampiric hand axe
Missiles
 k - 10 boomerangs
 B - 17 stones (quivered)
 G - 8 poisoned darts
Armour
 b - a +0 scale mail (worn)
 c - a +0 buckler (worn)
 i - a +0 tower shield
 j - a +0 helmet (worn)
 o - the +2 pair of gloves "Joareaxt" (worn) {Drain Will+++ MP+9 Stlth+}
   (You acquired it on level 1 of the Dungeon)

   MP:        It affects your magic capacity (+9).
   Drain:     It drains your maximum health when unequipped.
   Will:      It greatly increases your willpower.
   Stlth:     It makes you more stealthy.
Jewellery
 t - a ring of magical power (left hand)
 y - a +6 ring of dexterity (right hand)
Wands
 C - a wand of paralysis (8)
Scrolls
 g - a scroll of fog {unknown}
 n - a scroll of teleportation
 p - 2 scrolls of magic mapping {unknown}
 q - 5 scrolls of identify {unknown}
 r - a scroll of blinking {unknown}
 s - 2 scrolls of summoning {unknown}
 z - a scroll of amnesia {unknown}
 A - a scroll of torment {unknown}
 F - a scroll of poison {unknown}
 H - a scroll of enchant armour {unknown}
 J - 2 scrolls of fear {unknown}
 N - a scroll of enchant weapon {unknown}
Potions
 d - a potion of might
 l - 5 potions of curing {unknown}
 m - 2 potions of magic {unknown}
 u - 5 potions of flight {unknown}
 w - 2 potions of invisibility {unknown}
 x - 4 potions of heal wounds {unknown}
 D - a potion of lignification {unknown}
 E - 4 potions of attraction {unknown}
 I - a potion of resistance {unknown}
 K - a potion of haste {unknown}
 L - 2 potions of brilliance {unknown}
 M - a potion of berserk rage


   Skills:
 + Level 4.4 Fighting
 + Level 3.3 Short Blades
 + Level 5.2 Axes
 + Level 3.9 Throwing
 + Level 4.1 Armour
 + Level 2.0 Dodging
 + Level 5.1 Stealth
 + Level 4.0 Shields
 * Level 6.9 Invocations
 * Level 4.5 Evocations


You had 9 spell levels left.
You didn't know any spells.
Your spell library contained the following spells:

 Spells                   Type           Power      Damage    Failure   Level
 Frozen Ramparts          Ice            0%         1d1       99%         3
 Ignite Poison            Fire/Tmut/Pois 0%         N/A       99%         3
 Ice Form                 Ice/Tmut       0%         N/A       100%        4
 Sticky Flame             Conj/Fire      0%         2d3       100%        4
 Summon Ice Beast         Ice/Summ       0%         N/A       100%        4
 Summon Forest            Summ/Tloc      0%         N/A       100%        5
 Eringya's Noxious Bog    Tmut/Pois      0%         N/A       100%        6
 Summon Hydra             Summ           0%         N/A       100%        7
 Ignition                 Fire           0%         3d3       100%        8


Dungeon Overview and Level Annotations

Branches:
Dungeon (8/15)             Temple (1/1) D:4         Ossuary (visited)
   Lair: D:8-11

Altars:
Dithmenos
Fedhas
Gozag
Hepliaklqana
Makhleb
Okawaru
Qazlal
Wu Jian
Xom
The Shining One


Innate Abilities, Weirdness & Mutations

You have razor-sharp teeth.
Your natural rate of healing is unusually fast.
When hurt, damage is shared between your health and your magic reserves.
Your bite disrupts and absorbs the magic of your enemies.
Potions cannot restore your health.


Message History

The polar bear bites you!
* * * LOW HITPOINT WARNING * * *
You block the polar bear's attack.
The polar bear claws you but does no damage.
Your +0 hand axe of flaming stops flaming.
You feel a sense of dread.
e - a +2 vampiric dagger (weapon)
You block the polar bear's attack. The polar bear claws you.
* * * LOW HITPOINT WARNING * * *
The polar bear claws you.
* * * LOW HITPOINT WARNING * * *
You hit the polar bear.
You feel better.
The polar bear is severely wounded.
The polar bear barely misses you. x3
You hit the polar bear but do no damage.
Your bite misses the polar bear.
The polar bear is severely wounded.
The polar bear bites you.
The polar bear claws you but does no damage.
The polar bear barely misses you. The polar bear completely misses you.
The polar bear closely misses you.
The polar bear claws you but does no damage.
You hit the polar bear.
The polar bear is almost dead.
The polar bear bites you but does no damage.
The polar bear claws you but does no damage.
The polar bear claws you.
* * * LOW HITPOINT WARNING * * *
You hit the polar bear but do no damage.
The polar bear is almost dead.
The polar bear bites you!!
* * * LOW HITPOINT WARNING * * *
The polar bear claws you.
* * * LOW HITPOINT WARNING * * *
The polar bear claws you but does no damage.
You hit the polar bear. You bite the polar bear. You drain its power.
You feel invigorated.
The polar bear is almost dead.
The polar bear bites you!
You die...

### ##@# #h## ##o#
# #..# # ##. ##.##
#.#..###..# #
.........## ..#
..........###.....
###......S).....#


You could see a polar bear (berserk) and an orc.

Vanquished Creatures
  A two-headed ogre (D:7)
  Sigmund (D:4)
  Duvessa (D:6)
  2 water moccasins
  A sky beast (D:7)
  3 black bears
  2 centaurs
  2 ogres
  An elf zombie (Ossuary)
  A kobold brigand (D:7)
  3 scorpions
  10 wights (D:7)
  4 killer bees
  Dowan (D:6)
  A howler monkey (D:6)
  A vampire bat (D:7)
  6 hounds
  A wyvern simulacrum (D:8)
  A centaur zombie (Ossuary)
  2 orc priests (D:6)
  3 human zombies (Ossuary)
  A jelly (D:5)
  6 iguanas
  6 orc wizards
  4 ogre zombies (Ossuary)
  7 mummies (Ossuary)
  4 gnolls (D:5)
  9 adders
  2 ufetubi
  A worm zombie (D:7)
  2 adder zombies (Ossuary)
  3 worms
  17 orcs
  12 bats
  9 endoplasms
  A giant cockroach (D:1)
  12 goblins
  7 hobgoblins
  11 jackals
  10 kobolds
  3 quokkas (D:4)
  6 ball pythons
  3 frilled lizards
  4 goblin zombies (Ossuary)
  6 hobgoblin zombies
  3 kobold zombies
  4 quokka zombies (Ossuary)
  4 rats
  4 rat zombies (Ossuary)
209 creatures vanquished.

Notes
Turn   | Place    | Note
-------+----------+-------------------------------------------
     0 | D:1      | Kazon the Vine Stalker Fighter began the quest for the Orb.
     0 | D:1      | Reached XP level 1. HP: 11/11 MP: 2/2
    38 | D:1      | Identified a scroll of acquirement
    38 | D:1      | Acquired the +2 pair of gloves "Joareaxt" {Drain Will+++
                  | MP+9 Stlth+}
    57 | D:1      | Reached XP level 2. HP: 16/16 MP: 3/3
   282 | D:1      | Reached XP level 3. HP: 19/20 MP: 4/4
   926 | D:2      | Gained mutation: Your natural rate of healing is unusually
                  | fast. [Vine Stalker growth]
   926 | D:2      | Reached XP level 4. HP: 24/24 MP: 5/5
   938 | D:2      | Reached skill level 1 in Throwing
  1602 | D:3      | Found a blossoming altar of Fedhas.
  1623 | D:3      | Reached XP level 5. HP: 28/28 MP: 6/6
  1774 | D:3      | Found a stormy altar of Qazlal.
  1933 | D:3      | Found a faded altar of an unknown god.
  2014 | D:3      | Identified the +2 sling "Qeuhanocyt" {speed, rElec Str-3
                  | Dex+2}
  2057 | D:4      | Found a staircase to the Ecumenical Temple.
  2072 | Temple   | Entered the Ecumenical Temple
  2089 | Temple   | Became a worshipper of Makhleb the Destroyer
  2149 | D:4      | Noticed Sigmund
  2157 | D:4      | Killed Sigmund
  2158 | D:4      | Reached skill level 1 in Stealth
  2158 | D:4      | Reached skill level 1 in Invocations
  2158 | D:4      | Reached XP level 6. HP: 32/32 MP: 7/7
  2251 | D:4      | Found a hazy altar of Hepliaklqana.
  2252 | D:4      | Found a shadowy altar of Dithmenos.
  2252 | D:4      | Noticed a shadow
  2265 | D:4      | Noticed a black bear
  2279 | D:4      | Killed a black bear
  2337 | D:4      | Reached skill level 1 in Short Blades
  2341 | D:4      | Noticed a black bear
  2346 | D:4      | Killed a black bear
  2347 | D:4      | Reached skill level 1 in Evocations
  2347 | D:4      | Reached XP level 7. HP: 36/36 MP: 9/9
  2612 | D:4      | Reached skill level 2 in Invocations
  2930 | D:5      | Entered Level 5 of the Dungeon
  3058 | D:5      | Reached skill level 1 in Dodging
  3121 | D:5      | Gained mutation: You have razor-sharp teeth. [Vine Stalker
                  | growth]
  3121 | D:5      | Reached XP level 8. HP: 28/40 MP: 11/11
  3416 | D:6      | Reached skill level 3 in Invocations
  3460 | D:6      | Reached * piety under Makhleb
  3556 | D:6      | Noticed Dowan
  3557 | D:6      | Noticed Duvessa
  3580 | D:6      | Killed Duvessa
  3587 | D:6      | Killed Dowan
  3783 | D:6      | Found a shimmering altar of Xom.
  3908 | D:6      | Reached skill level 4 in Invocations
  3908 | D:6      | Reached XP level 9. HP: 42/45 MP: 13/13
  3995 | D:7      | Reached ** piety under Makhleb
  4005 | D:7      | Reached skill level 5 in Axes
  4044 | D:7      | Found a sand-covered staircase.
  4062 | Ossuary  | Entered an ossuary
  4548 | D:7      | Reached skill level 5 in Invocations
  4571 | D:7      | Noticed a two-headed ogre
  4586 | D:7      | Killed a two-headed ogre
  4587 | D:7      | Reached skill level 6 in Invocations
  4617 | D:7      | Reached *** piety under Makhleb
  4876 | D:7      | Reached XP level 10. HP: 50/50 MP: 15/15
  4885 | D:7      | Reached skill level 5 in Stealth
  5214 | D:8      | HP: 2/49 [polar bear (1)]
  5215 | D:8      | Mangled by a polar bear

Illustrated notes

Levels and vault maps discovered:
D:1:      ebering_trefoil_3fold, layout_basic, st_stairs_14, serial_bayou_ford_a
D:2:      layout_basic, hangedman_decor_growths, minmay_close_crescents
D:3:      layout_rooms, mainiacjoe_overflow_concentric_impassable,
          mainiacjoe_overflow_paths, shapermc_ecumenical_altar_acropolis,
          chequers_serial_rivers_micro_b
D:4:      layout_basic, riverfiend_overflow_shadow_ancestor,
          minmay_temple_entry_glass, uniq_sigmund
D:5:      layout_gridville
D:6:      layout_basic, xom_teletrap_fun, uniq_duvessa
D:7:      layout_loops_ring, enter_ossuary_3, roderic_batcave
D:8:      layout_layer_cave, minmay_lair_entry_grove, serial_shops,
          nicolae_lakefront_shop, serial_ice, serial_ice_o, serial_ice_d,
          serial_ice_k, serial_ice_a
Temple:   nicolae_temple_elliptical

Skill      XL: |  1  2  3  4  5  6  7  8  9 10 |
---------------+-------------------------------+-----
Axes           | 2 3 4 5 |  5.2
Shields        | 3 4 |  4.0
Fighting       | 3 4 |  4.4
Throwing       | 1 2 3 |  3.9
Stealth        | 1 2 4 5 |  5.1
Invocations    | 1 2 4 6 |  6.9
Armour         | 3 4 |  4.1
Short Blades   | 1 2 3 |  3.3
Evocations     | 1 2 4 |  4.5
Dodging        | 1 2 |  2.0

Action                     |  1- 3 |  4- 6 |  7- 9 | 10-12 || total
---------------------------+-------+-------+-------+-------++-------
  Melee: War axe           |    79 |    55 |       |       ||   134
         Bite              |    11 |    25 |   133 |    33 ||   202
         Dagger            |       |    29 |   196 |    73 ||   298
         Hand axe          |       |    20 |   204 |    11 ||   235
  Throw: Stone             |       |    15 |    22 |       ||    37
         Dart              |       |     5 |    34 |       ||    39
         Boomerang         |       |       |    19 |       ||    19
 Invoke: Minor Destruction |       |       |    23 |     2 ||    25
    Use: Scroll            |     2 |     1 |       |       ||     3
   Stab: Sleeping          |       |       |    18 |     2 ||    20
 Armour: Scale mail        |    37 |    45 |   132 |    25 ||   239
  Dodge: Dodged            |    45 |    35 |   134 |    35 ||   249
  Block: Buckler           |    21 |    22 |    98 |    20 ||   161
